 Dungeon Crawl Stone Soup version 0.30-a0-800-g7c544603b3 (webtiles) character file.

Game seed: 9930095449850602845

280 Hubris850 the Chiller (level 6, -5/47 (50) HPs)
             Began as a Draconian Ice Elementalist on Feb 22, 2023.
             Was a Follower of Makhleb.
             Slain by a wight
             ... wielding a +5 great sword
              (15 damage)
             ... on level 4 of the Dungeon.
             The game lasted 00:06:42 (2743 turns).

Hubris850 the Chiller (Draconian Ice Elementalist)  Turns: 2743, Time: 00:06:42

HP:   -5/47 (50)    AC:  7    Str: 10    XL:     6   Next: 5%
MP:   10/10         EV: 12    Int: 18    God:    Makhleb [*.....]
Gold: 220           SH:  4    Dex: 11    Spells: 3/10 levels left

rFire   . . .      SeeInvis .    n - +3 short sword (venom)
rCold   . . .      Faith    .    f - +0 buckler
rNeg    . . .      Spirit   .    (body armour unavailable)
rPois   .          Reflect  .    (helmet restricted)
rElec   .          Harm     .    r - +0 cloak
rCorr   .          Rampage  .    (no gloves)
Will    .....                    (no boots)
Stlth   ++                       (no amulet)
HPRegen 0.27/turn                (no ring)
MPRegen 0.12/turn                (no ring)

@: drained
A: AC +6, unfitting armour, cold-blooded
a: Renounce Religion


You were on level 4 of the Dungeon.
You worshipped Makhleb.
Makhleb was aware of your devotion.
You visited 1 branch of the dungeon, and saw 4 of its levels.

You collected 220 gold pieces.

Inventory:

Hand Weapons
 b - a +0 short sword
 n - a +3 short sword of venom (weapon)
Missiles
 c - 4 datura-tipped darts
 q - 6 poisoned darts
 s - a boomerang
Armour
 f - a +0 buckler (worn)
 h - a +0 kite shield
 r - a +0 cloak (worn)
Scrolls
 d - a scroll of silence {unknown}
 g - 5 scrolls of identify {unknown}
 j - 2 scrolls of enchant armour {unknown}
 k - a scroll of teleportation {unknown}
 o - a scroll of amnesia {unknown}
 p - a scroll of vulnerability {unknown}
 t - a scroll of enchant weapon {unknown}
Potions
 a - 3 potions of magic
 e - 2 potions of brilliance {unknown}
 i - 3 potions of haste {unknown}
 l - a potion of degeneration {unknown}
 m - 2 potions of attraction {unknown}


   Skills:
 + Level 2.5 Fighting
 + Level 2.8 Dodging
 + Level 2.9 Stealth
 + Level 2.1 Shields
 + Level 2.9 Spellcasting
 + Level 4.7 Ice Magic


You had 3 spell levels left.
You knew the following spells:

 Your Spells              Type           Power      Damage    Failure   Level
a - Freeze                Ice            76%        1d8       3%          1
b - Frozen Ramparts       Ice            38%        1d6       10%         3
c - Ozocubu's Armour      Ice            19%        N/A       10%         3

Your spell library contained the following spells:

 Spells                   Type           Power      Damage    Failure   Level
 Summon Ice Beast         Ice/Summ       11%        N/A       63%         4


Dungeon Overview and Level Annotations

Branches:
Dungeon (4/15)
 Temple: D:4-7

Altars:
Makhleb
Vehumet
Yredelemnul


Innate Abilities, Weirdness & Mutations

Your plain brown scales are hard. (AC +6)
You cannot fit into any form of body armour.
You are cold-blooded and may be slowed by cold attacks.


Message History

* * * LOW HITPOINT WARNING * * *
Your unstable footing causes you to fumble your attack.
The iguana bites you but does no damage.
Your unstable footing causes you to fumble your attack.
You kill the iguana!
Makhleb accepts your kill.
You have reached level 6!
Your scales feel tougher.
A wight comes into view. It is wielding a +5 great sword.
You hit the wight.
The wight is lightly damaged.
The wight hits you with a +5 great sword!
You hit the wight.
Your tail-slap misses the wight.
The wight is moderately damaged.
The wight misses you.
You closely miss the wight.
The wight is moderately damaged.
The wight completely misses you.
You closely miss the wight.
The wight is moderately damaged.
The wight hits you with a +5 great sword!
You barely miss the wight.
The wight is moderately damaged.
The wight closely misses you.
A wight comes into view. It is wielding a +0 long sword.
You hit the wight.
The wight is heavily damaged.
The wight completely misses you.
A wight comes into view. It is wielding a +2 dagger.
You barely miss the wight.
The wight is heavily damaged.
The wight hits you with a +5 great sword.
You feel drained.
You barely miss the wight.
The wight is heavily damaged.
The wight hits you with a +5 great sword!
* * * LOW HITPOINT WARNING * * *
You feel drained.
The wight hits you with a +5 great sword!
You die...

#..#.#.....#####..........
#........### #.#.#.#.._..#
##.....#...# ##.#..........
......####.###..#.#..#...#.
.#.....###z.#...#......#...
....)...##..........#.....#
#.....#...........†.#.#..
###.....z....###.........
##.÷..@....# #...#####.
##......#####.....###.
####...##............
###..####.#.#....####
##......##.####..##
#.......#..####†##
##....P......##...#
#.P~~P.......###'##
#.~~....P....##...###


You could see 2 wights.

Vanquished Creatures
  2 hounds (D:4)
  2 iguanas
  An orc wizard (D:4)
  3 adders
  3 gnolls (D:4)
  4 dart slugs
  4 orcs (D:4)
  8 ball pythons
  4 endoplasms
  5 giant cockroaches
  8 goblins
  3 hobgoblins
  11 jackals
  4 kobolds
  A quokka (D:4)
  4 bats
  2 frilled lizards (D:1)
  6 rats
75 creatures vanquished.

Vanquished Creatures (others)
  42 plants (D:4)
  15 toadstools (D:4)
57 creatures vanquished.

Grand Total: 132 creatures vanquished

Notes
Turn   | Place    | Note
-------+----------+-------------------------------------------
     0 | D:1      | Hubris850 the Draconian Ice Elementalist began the quest
                  | for the Orb.
     0 | D:1      | Reached XP level 1. HP: 14/14 MP: 3/3
    11 | D:1      | Noticed an electric eel
   191 | D:1      | Reached XP level 2. HP: 21/22 MP: 5/5
   973 | D:2      | Reached XP level 3. HP: 25/27 MP: 6/6
  1080 | D:2      | Reached skill level 1 in Fighting
  1183 | D:2      | Reached skill level 1 in Shields
  1315 | D:2      | Reached XP level 4. HP: 7/35 MP: 0/7
  1746 | D:3      | Found a basalt altar of Yredelemnul.
  1927 | D:3      | Found a burning altar of Makhleb.
  1951 | D:3      | Became a worshipper of Makhleb the Destroyer
  2370 | D:4      | Reached XP level 5. HP: 37/41 MP: 8/8
  2392 | D:4      | Learned a level 3 spell: Frozen Ramparts
  2396 | D:4      | Learned a level 3 spell: Ozocubu's Armour
  2428 | D:4      | Found a radiant altar of Vehumet.
  2535 | D:4      | Reached * piety under Makhleb
  2601 | D:4      | Reached XP level 6. HP: 15/50 MP: 10/10
  2743 | D:4      | Slain by a wight

Illustrated notes

Levels and vault maps discovered:
D:1:      arrival_aquarium_a, layout_loops_ring, st_stairs_3, minivault_14
D:2:      layout_rooms, minmay_misc_feat_cross, minivault_27,
          minmay_pentomino_w2
D:3:      layout_basic, mainiacjoe_overflow_chevrons, mainiacjoe_overflow_paths,
          marbit_many_paths
D:4:      layout_cave_pools, lemuel_tele_altar, tgw_fedhas,
          nicolae_vehumet_radiance, nicolae_elyvilon_temple_path, serial_bayou,
          serial_bayou_pond_d, serial_bayou_lagoon_a, serial_bayou_pond_a,
          grunt_ministairs_13

Skill      XL: |  1  2  3  4  5 |
---------------+----------------+-----
Dodging        | 2 |  2.8
Stealth        | 2 |  2.9
Fighting       | 1 2 |  2.5
Shields        | 1 2 |  2.1
Spellcasting   | |  2.9
Ice Magic      | |  4.7

Action                     |  1- 3 |  4- 6 || total
---------------------------+-------+-------++-------
  Melee: Short sword       |   224 |   100 ||   324
         Tailslap          |    21 |    12 ||    33
   Cast: Freeze            |    10 |     9 ||    19
   Stab: Sleeping          |     2 |     7 ||     9
 Armour: Skin              |    69 |    20 ||    89
  Dodge: Dodged            |   140 |    43 ||   183
  Block: Buckler           |    35 |    13 ||    48

Table legend: (Time is in decaauts)
 A = Elapsed time spent in this place.
 B = Non-inter-level travel time spent in this place.
 C = Inter-level travel time spent in this place.
 D = Time resting spent in this place.
 E = Time spent auto-exploring this place.
 F = Levels seen in this place.
 G = Mean time per level.
                   A        B        C        D        E       F      G
               +--------+--------+--------+--------+--------+-----+--------+
         Total |   2758 |   2662 |     96 |    197 |   1740 |   4 |  689.5 |
       Dungeon |   2758 |   2662 |     96 |    197 |   1740 |   4 |  689.5 |
               +--------+--------+--------+--------+--------+-----+--------+

Top non-repeatable levels by time:
     D:1: 917 daAuts
     D:2: 839 daAuts
     D:3: 570 daAuts
     D:4: 431 daAuts
